 Dungeon Crawl Stone Soup version 0.29-a0-384-g6960b1960d (webtiles) character file.

Game seed: 6967929196063865215

4998 Bruhh the Cleaver (level 10, -2/97 HPs)
             Began as a Hill Orc Fighter on May 7, 2022.
             Was an Initiate of Gozag.
             Slain by a blink frog (15 damage)
             ... on level 1 of the Lair of Beasts.
             The game lasted 00:15:56 (9979 turns).

Bruhh the Cleaver (Hill Orc Fighter)                Turns: 9979, Time: 00:15:57

Health: -2/97      AC: 11    Str: 24    XL:     10   Next: 54%
Magic:  10/10      EV:  8    Int:  8    God:    Gozag
Gold:   80         SH:  8    Dex: 10    Spells: 9/9 levels left

rFire   . . .      SeeInvis .   a - +0 war axe
rCold   . . .      Faith    .   C - +0 kite shield
rNeg    . . .      Spirit   .   b - +0 scale mail
rPois   .          Reflect  .   (no helmet)
rElec   .          Harm     .   (no cloak)
rCorr   .          Rampage  .   r - +2 pair of gloves
Will    .....                   (no boots)
Stlth   ..........              (no amulet)
HPRegen 0.26/turn               (no ring)
MPRegen 0.12/turn               (no ring)

@: brilliant, gold aura
A: no striking features
a: Renounce Religion, Potion Petition, Call Merchant, Bribe Branch


You were on level 1 of the Lair of Beasts.
You worshipped Gozag.
Gozag was noncommittal.
You visited 2 branches of the dungeon, and saw 9 of its levels.

You collected 1572 gold pieces.
You paid 1492 gold pieces to Gozag.

Inventory:

Hand Weapons
 a - a +0 war axe (weapon)
 q - the +3 quarterstaff "Fish" {venom, rPois Str+4 Int+4}
   (You found it on level 8 of the Dungeon)

   It poisons the flesh of those it strikes.
   Str:       It affects your strength (+4).
   Int:       It affects your intelligence (+4).
   rPois:     It protects you from poison.
 x - the +7 spear of Plunder {freeze, rN+}
   (You found it on level 3 of the Dungeon)

   It freezes those it strikes, dealing additional cold damage.
   It can also slow down cold-blooded creatures.
   rN:        It protects you from negative energy.
 J - a +0 battleaxe
Missiles
 v - 3 throwing nets
Armour
 b - a +0 scale mail (worn)
 c - a +0 buckler
 r - a +2 pair of gloves (worn)
 C - a +0 kite shield (worn)
Jewellery
 f - an amulet of faith
 g - a +4 ring of evasion
 N - a +6 ring of intelligence
Wands
 B - a wand of polymorph (4)
 F - a wand of flame (27)
 K - a wand of iceblast (9)
 M - a wand of charming (4)
 O - a wand of mindburst (5)
Scrolls
 e - 3 scrolls of enchant armour
 h - 4 scrolls of amnesia
 j - 2 scrolls of noise
 k - 2 scrolls of brand weapon
 l - 2 scrolls of blinking
 m - a scroll of torment
 n - 2 scrolls of fog
 p - 4 scrolls of teleportation
 u - a scroll of fear
 w - a scroll of immolation
 y - 2 scrolls of enchant weapon
 G - a scroll of summoning
 I - 2 scrolls of identify
 L - a scroll of poison {unknown}
Potions
 i - a potion of resistance {unknown}
 o - 4 potions of lignification
 s - 2 potions of degeneration
 z - a potion of cancellation
 A - a potion of heal wounds {unknown}
 D - a potion of invisibility {unknown}
 E - a potion of attraction {unknown}
 H - a potion of magic {unknown}


   Skills:
 - Level 12.0 Fighting
 - Level 12.0 Axes
 + Level 9.2 Armour
 - Level 3.2 Shields


You had 9 spell levels left.
You didn't know any spells.
Your spell library contained the following spells:

 Spells                   Type           Power      Damage    Failure   Level
 Blink                    Tloc           0%         N/A       99%         2
 Tukima's Dance           Hex            0%         N/A       100%        3
 Passage of Golubria      Tloc           0%         N/A       100%        4
 Manifold Assault         Tloc           0%         N/A       100%        5
 Yara's Violent Unravell  Hex/Tmut       0%         3d3       100%        5
 Storm Form               Tmut/Air       0%         N/A       100%        7


Dungeon Overview and Level Annotations

Branches:
Dungeon (8/15)             Temple (0/1) D:7            Lair (1/6) D:8

Altars:
Gozag
Ru

Shops:
D:7 ?

Annotations:
D:7 2 runed translucent doors, Morbidden's ghost, novice TrAE


Message History

You are too injured to fight recklessly!
You are too injured to fight recklessly!
You hit the blink frog.
The blink frog is no longer distracted by gold.
The blink frog is lightly wounded.
You hit the blink frog. The blink frog hits you!
* * * LOW HITPOINT WARNING * * *
The blink frog blinks!
The blink frog is distracted by your dazzling golden aura.
It was a potion of cancellation.
You feel magically purged. The blink frog barely misses you.
The blink frog hits you but does no damage.
You block the blink frog's attack. The blink frog hits you!
* * * LOW HITPOINT WARNING * * *
The blink frog completely misses you. The blink frog misses you.
The blink frog croaks. [a] - 783 gold - resistance, might, heal wounds and magic [b] - 493 gold - lignification, might and resistance [c] - 320 gold - heal wounds, curing and magic Purchase which effect?
You no longer have enough gold to petition Gozag for potion effects.
You feel much better.
You feel better. Magic courses through your body.
The blink frog hits you but does no damage. x2
The blink frog hits you!
* * * LOW HITPOINT WARNING * * *
The blink frog blinks!
The blink frog hits you.
* * * LOW HITPOINT WARNING * * *
The blink frog blinks!
You hit the blink frog but do no damage.
The blink frog is no longer distracted by gold.
You slash the blink frog! x2; The blink frog blinks!
The blink frog hits you.
* * * LOW HITPOINT WARNING * * *
The blink frog blinks!
The blink frog hits you but does no damage.
It was a potion of brilliance.
You feel clever all of a sudden. You block the blink frog's attack.
The blink frog blinks!
The blink frog hits you!
You die...
Your body crumbles into a pile of gold.
P

. #. #. . #. ... #. ##..
.## .. . ....###.
....###.##.##.. ........
...§........... ........
........................
.......F................
###@##.###..........
....#...§....#.......... ##
#...#....F...#.....####.
..##...#........#..........
..P...#.FF...........#....
.....#........#..........
#...#..............#....
#>..#........+.....#....
#...#........#.....#....


You could see 4 blink frogs.

Vanquished Creatures
  A cane toad (Lair:1)
  A troll (D:8)
  Sigmund (D:3)
  5 yaks (Lair:1)
  A basilisk (Lair:1)
  3 steam dragons
  A water moccasin (Lair:1)
  3 ice beasts
  A sky beast (D:8)
  2 black bears
  3 wolves (D:8)
  An ogre (D:5)
  2 centaurs (D:8)
  2 phantoms (D:5)
  3 bullfrogs
  3 kobold brigands
  A gnoll sergeant (D:7)
  2 scorpions
  A necrophage (D:5)
  4 wights (D:6)
  3 electric eels (D:8)
  3 howler monkeys (D:8)
  3 jellies
  6 hounds
  2 orc priests (D:8)
  2 iguanas (D:6)
  4 orc wizards
  Robin (D:4)
  5 gnolls
  8 adders
  2 shadow imps
  A white imp (D:7)
  A worm (D:3)
  6 dart slugs
  10 orcs
  3 ball pythons
  4 bats
  10 endoplasms
  6 giant cockroaches
  15 goblins
  11 hobgoblins
  7 jackals
  17 kobolds
  3 quokkas (D:1)
  10 frilled lizards
  6 rats
190 creatures vanquished.

Vanquished Creatures (others)
  7 fungi (D:5)
7 creatures vanquished.

Grand Total: 197 creatures vanquished

Notes
Turn   | Place    | Note
-------+----------+-------------------------------------------
     0 | D:1      | Bruhh the Hill Orc Fighter began the quest for the Orb.
     0 | D:1      | Reached XP level 1. HP: 19/19 MP: 1/1
    49 | D:1      | Reached XP level 2. HP: 24/26 MP: 2/2
    65 | D:1      | Found a faded altar of an unknown god.
   568 | D:1      | Reached XP level 3. HP: 28/31 MP: 3/3
   769 | D:1      | Reached skill level 5 in Axes
   982 | D:1      | Prayed at the altar of an unknown god.
   982 | D:1      | Became a worshipper of Gozag Ym Sagoz the Greedy
  1292 | D:2      | Reached XP level 4. HP: 39/39 MP: 4/4
  1910 | D:3      | Noticed Sigmund
  1919 | D:3      | Killed Sigmund
  1920 | D:3      | Reached XP level 5. HP: 38/45 MP: 5/5
  1920 | D:3      | Reached XP level 6. HP: 44/51 MP: 6/6
  2379 | D:3      | Identified the +7 spear of Plunder {freeze, rN+}
  2886 | D:4      | Noticed Robin
  2900 | D:4      | Killed Robin
  3544 | D:5      | Entered Level 5 of the Dungeon
  3743 | D:5      | Noticed a black bear
  3747 | D:5      | Killed a black bear
  3748 | D:5      | Reached XP level 7. HP: 57/57 MP: 7/7
  3801 | D:5      | Reached skill level 10 in Axes
  4182 | D:5      | Noticed a steam dragon
  4183 | D:5      | Noticed a steam dragon
  4194 | D:5      | Killed a steam dragon
  4201 | D:5      | Killed a steam dragon
  4202 | D:5      | Reached XP level 8. HP: 33/66 MP: 8/8
  4470 | D:5      | HP: 3/67 [ogre/+0 giant club (16)]
  4473 | D:5      | Reached skill level 5 in Fighting
  5826 | D:6      | Reached XP level 9. HP: 78/82 MP: 9/9
  6406 | D:7      | Found Xuonn's Magic Scroll Shop.
  6446 | D:7      | Found a staircase to the Ecumenical Temple.
  6462 | D:7      | Reached skill level 10 in Fighting
  6590 | D:7      | Found a large runed translucent door.
  6591 | D:7      | Found a large runed translucent door.
  6595 | D:7      | Noticed Morbidden's ghost (novice TrAE)
  6991 | D:8      | Identified the +3 quarterstaff "Fish" {venom, rPois Str+4
                  | Int+4}
  7640 | D:8      | Found a sacrificial altar of Ru.
  7724 | D:8      | Noticed a troll
  7736 | D:8      | Killed a troll
  7769 | D:8      | Reached skill level 5 in Armour
  7774 | D:8      | Reached XP level 10. HP: 52/97 MP: 10/10
  8615 | D:8      | Found a staircase to the Lair.
  9089 | Lair:1   | Entered Level 1 of the Lair of Beasts
  9650 | Lair:1   | Noticed a cane toad
  9670 | Lair:1   | Killed a cane toad
  9979 | Lair:1   | Slain by a blink frog

Illustrated notes

Levels and vault maps discovered:
D:1:      dpeg_arrival_lava_temple_mockup, layout_basic,
          ebering_ecumenical_altar_abandoned, lemuel_another_geyser
D:2:      layout_loops_cross, minmay_pentomino_t2
D:3:      layout_loops_cross, minmay_diced_spiral, uniq_sigmund
D:4:      layout_loops_corners, uniq_robin
D:5:      kennysheep_steamy, layout_layer_cave
D:6:      layout_gridville
D:7:      layout_loops_ring, minmay_temple_entry_glass, serial_shops, shop,
          ebering_ghost_disaster_area
D:8:      layout_cave_pods, mainiacjoe_overflow_concentric_impassable,
          erik_lair_island
Lair:1:   layout_regular_city, nicolae_lair_liquid_snakes

Skill      XL: |  1  2  3  4  5  6  7  8  9 10 |
---------------+-------------------------------+-----
Axes           | 3 4 5 8 9 12 | 12.0
Fighting       | 4 8 12 | 12.0
Armour         | 5 9 |  9.2
Shields        | |  3.2

Action                   |  1- 3 |  4- 6 |  7- 9 | 10-12 || total
-------------------------+-------+-------+-------+-------++-------
Melee: War axe           |   103 |    83 |    23 |    94 ||   303
       Spear             |       |    42 |   299 |       ||   341
       Unarmed           |       |     5 |       |       ||     5
Invok: Potion Petition   |       |       |     1 |     3 ||     4
  Use: Potion            |       |     1 |     2 |     3 ||     6
       Scroll            |       |       |    14 |       ||    14
 Stab: Distracted        |       |     2 |     1 |     1 ||     4
Armor: Scale mail        |    50 |    24 |   110 |    47 ||   231
Dodge: Dodged            |    58 |    69 |   104 |    28 ||   259
Block: Buckler           |    21 |    17 |       |       ||    38
       Kite shield       |       |     2 |   129 |    42 ||   173

Table legend: (Time is in decaauts)
 A = Elapsed time spent in this place.
 B = Non-inter-level travel time spent in this place.
 C = Inter-level travel time spent in this place.
 D = Time resting spent in this place.
 E = Time spent auto-exploring this place.
 F = Levels seen in this place.
 G = Mean time per level.
                   A        B        C        D        E       F      G
               +--------+--------+--------+--------+--------+-----+--------+
         Total |   9986 |   9727 |    259 |    409 |   7798 |   9 | 1109.6 |
       Dungeon |   9502 |   9243 |    259 |    409 |   7417 |   8 | 1187.8 |
          Lair |    483 |    483 |      0 |      0 |    381 |   1 |  483.0 |
               +--------+--------+--------+--------+--------+-----+--------+

Top non-repeatable levels by time:
     D:8: 2530 daAuts
     D:5: 1416 daAuts
     D:6: 1153 daAuts
     D:1: 1007 daAuts
     D:4: 923 daAuts
     D:2: 836 daAuts
     D:7: 832 daAuts
     D:3: 802 daAuts
  Lair:1: 483 daAuts
